 Dungeon Crawl Stone Soup version 0.30-a0-1160-g6e42c06551 (webtiles) character file.

Game seed: 5672892382042847464

546 cheesebisquit the Ruffian (level 7, -3/66 HPs)
             Began as a Troll Warper on Apr 25, 2023.
             Slain by an orc
             ... wielding a +3 mace
              (10 damage)
             ... on level 4 of the Dungeon.
             The game lasted 00:09:25 (1873 turns).

cheesebisquit the Ruffian (Troll Warper)            Turns: 1873, Time: 00:09:25

Health: -3/66      AC:  5    Str: 22    XL:     7   Next: 6%
Magic:  9/9        EV: 15    Int:  9    God:
Gold:   212        SH:  0    Dex:  9    Spells: 3/10 levels left

rFire   + .          .
                       - Unarmed
rCold   . . .        (no shield)
rNeg    . . .        t - +1 robe {rF+}
rPois   .            (helmet restricted)
rElec   .            (no cloak)
rCorr   .            (gloves unavailable)
SInv    .            (boots unavailable)
Will    .....        (no amulet)
Stlth   +            m - +5 ring of evasion
HPRegen 1.11/turn    (no ring)
MPRegen 0.11/turn

%: no passive effects
@: no status effects
A: large, unfitting armour, claws 3, regeneration 1, shaggy fur 1, tough skin 1
a: no special abilities


You were on level 4 of the Dungeon.
You visited 1 branch of the dungeon, and saw 4 of its levels.

You collected 212 gold pieces.

Inventory:

Missiles
 c - 7 boomerangs of dispersal
 g - 42 stones
 u - 5 javelins
Armour
 t - a +1 robe of fire resistance (worn)
Jewellery
 m - a +5 ring of evasion (left claw)
Wands
 q - a wand of paralysis (4) (quivered)
Scrolls
 b - a scroll of blinking
 d - 6 scrolls of identify {unknown}
 f - a scroll of enchant weapon {unknown}
 h - 3 scrolls of vulnerability {unknown}
 o - a scroll of fear {unknown}
 p - 2 scrolls of amnesia {unknown}
 s - 2 scrolls of noise {unknown}
 w - a scroll of fog {unknown}
Potions
 a - a potion of brilliance {unknown}
 e - a potion of ambrosia {unknown}
 i - a potion of mutation {unknown}
 j - 2 potions of curing {unknown}
 k - 2 potions of degeneration {unknown}
 l - a potion of magic {unknown}
 n - a potion of haste {unknown}
 r - a potion of heal wounds {unknown}
 v - a potion of berserk rage {unknown}


   Skills:
 + Level 2.7 Fighting
 + Level 2.4 Throwing
 + Level 2.9 Dodging
 * Level 4.5 Unarmed Combat
 + Level 2.1 Spellcasting
 + Level 3.0 Translocations


You had 3 spell levels left.
You knew the following spells:

 Your Spells              Type           Power      Damage    Failure   Level
a - Blink                 Tloc           12%        N/A       14%         2
b - Lesser Beckoning      Tloc           12%        N/A       14%         2
c - Teleport Other        Tloc           6%         N/A       28%         3

Your spell library contained the following spells:

 Spells                   Type           Power      Damage    Failure   Level
 Kiss of Death            Conj/Necr      0%         2d5       32%         1
 Vhi's Electric Charge    Tloc/Air       6%         N/A       47%         3
 Confusing Touch          Hex            0%         N/A       69%         3
 Manifold Assault         Tloc           6%         N/A       67%         4
 Dispel Undead            Necr           0%         3d6       97%         4


Dungeon Overview and Level Annotations

Branches:
Dungeon (4/15)
 Temple: D:4-7

Altars:
Ashenzari
Elyvilon
Hepliaklqana
Trog
Vehumet
Xom
Zin
The Shining One

Shops:
D:1 [!(

Annotations:
D:4 Blork the orc


Innate Abilities, Weirdness & Mutations

You are too large for most types of armour.
You have claws for hands.
Your natural rate of healing is unusually fast.
You are covered in fur. (AC +1)
You have tough skin. (AC +1)


Message History

The orc completely misses you. The orc closely misses you.
The orc priest misses you. Blork the orc closely misses you.
You scratch the orc priest.
The orc priest is almost dead.
The orc wizard points at you and mumbles some strange words.
The puff of flame hits you. You resist. The orc misses you.
The orc hits you with a +3 mace. Blork the orc closely misses you.
The orc priest hits you with a +0 mace.
You scratch the orc priest.
You kill the orc priest!
The orc wizard barely misses you. Blork the orc misses you.
The orc barely misses you. The orc hits you with a +0 falchion.
You claw the orc wizard!
The orc wizard is severely wounded.
The orc wizard hits you with a +0 dagger.
The orc completely misses you. The orc hits you with a +3 mace.
Blork the orc casts a spell at you. The puff of flame hits you. You resist.
You barely miss the orc wizard.
The orc wizard is heavily wounded.
The orc wizard casts a spell at you. The puff of flame hits you. You resist.
The orc completely misses you.
Blork the orc hits you but does no damage.
The orc barely misses you.
You barely miss the orc wizard.
The orc wizard is heavily wounded.
The orc wizard hits you with a +0 dagger.
The orc misses you. Blork the orc casts a spell at you.
The puff of frost hits you!
* * * LOW HITPOINT WARNING * * *
The orc hits you but does no damage. The orc wizard casts a spell at you.
The magic dart hits you!
* * * LOW HITPOINT WARNING * * *
Blork the orc points at you and mumbles some strange words.
The puff of frost hits you.
* * * LOW HITPOINT WARNING * * *
The orc attacks as you move away! The orc hits you with a +3 mace!
You die...

#######...#..#
##.........####
#...........#
#...........#
#...........#
####.##..############ #
####.########.......##.#.
<.#............#.........
..#............#@.o......
..#............+oo)......
..#............#.o.......
..###...###..####...##...
..###...###..# #...# ..
†.)...[......# ..... .
.....>.......# ......
.......>.....# .......
.............# .........


You could see Blork the orc, an orc wizard and 2 orcs.

Vanquished Creatures
  Grinder (D:3)
  Sigmund (D:3)
  An orc priest (D:4)
  Natasha (D:4)
  7 adders
  4 worms
  2 orcs (D:3)
  4 ball pythons (D:1)
  5 endoplasms
  2 giant cockroaches (D:2)
  7 goblins
  6 hobgoblins
  2 jackals (D:2)
  6 bats
  6 frilled lizards
  9 kobolds
  10 rats
74 creatures vanquished.

Notes
Turn   | Place    | Note
-------+----------+-------------------------------------------
     0 | D:1      | cheesebisquit the Troll Warper began the quest for the Orb.
     0 | D:1      | Reached XP level 1. HP: 19/19 MP: 1/1
    62 | D:1      | Reached skill level 1 in Throwing
    79 | D:1      | Reached XP level 2. HP: 28/28 MP: 3/3
    86 | D:1      | Found Neucziw's Antique Weapon Shop.
   319 | D:1      | Found Ceas's Antique Armour Shoppe.
   463 | D:1      | Found Joimaaro's Distillery.
   465 | D:1      | Reached XP level 3. HP: 35/35 MP: 4/4
   693 | D:2      | Found a white marble altar of Elyvilon.
   846 | D:2      | Reached skill level 3 in Unarmed Combat
   846 | D:2      | Reached XP level 4. HP: 42/42 MP: 5/5
  1181 | D:2      | Found a faded altar of an unknown god.
  1269 | D:3      | Found a bloodstained altar of Trog.
  1271 | D:3      | Found a hazy altar of Hepliaklqana.
  1271 | D:3      | Found a radiant altar of Vehumet.
  1358 | D:3      | Noticed Sigmund
  1369 | D:3      | Killed Sigmund
  1370 | D:3      | Reached XP level 5. HP: 50/50 MP: 6/6
  1370 | D:3      | Reached XP level 6. HP: 59/59 MP: 7/7
  1416 | D:3      | Found a white marble altar of Elyvilon.
  1421 | D:3      | Found a glowing golden altar of the Shining One.
  1437 | D:3      | Found a glowing silver altar of Zin.
  1596 | D:3      | Noticed Grinder
  1608 | D:3      | Killed Grinder
  1609 | D:3      | Reached skill level 4 in Unarmed Combat
  1697 | D:3      | Found a broken altar of Ashenzari.
  1701 | D:3      | Learned a level 2 spell: Blink
  1704 | D:3      | Learned a level 2 spell: Lesser Beckoning
  1708 | D:3      | Learned a level 3 spell: Teleport Other
  1708 | D:3      | Found a shimmering altar of Xom.
  1776 | D:4      | Noticed Natasha
  1786 | D:4      | Killed Natasha
  1788 | D:4      | Reached XP level 7. HP: 66/66 MP: 9/9
  1859 | D:4      | Noticed Blork the orc
  1873 | D:4      | Slain by an orc

Illustrated notes

Levels and vault maps discovered:
D:1:      psy_arrival_dodecagon, layout_basic, serial_shops, shop,
          nicolae_shop_industrial_runoff, nicolae_shop_window_shopping,
          chequers_serial_rivers_micro_c, chequers_serial_rivers_micro_e,
          minmay_pentomino_r4
D:2:      layout_rooms, basic_altar, shapermc_ecumenical_altar_mp_vishouse,
          minmay_misc_feat_four_crosses, minmay_indecisive_spiral
D:3:      layout_rooms, good_gods_mini_temple, nicolae_overflow_hidden_temple,
          uniq_grinder, uniq_sigmund
D:4:      layout_gridville, uniq_robin, uniq_natasha, uniq_blork_the_orc

Skill      XL: |  1  2  3  4  5  6 |
---------------+-------------------+-----
Throwing       | 1 2 |  2.4
Dodging        | 2 |  2.9
Unarmed Combat | 3 4 |  4.5
Fighting       | 2 |  2.7
Spellcasting   | 2 |  2.1
Translocations | 3 |  3.0

Action                     |  1- 3 |  4- 6 |  7- 9 || total
---------------------------+-------+-------+-------++-------
  Melee: Unarmed           |    92 |    98 |    15 ||   205
         Punch             |     1 |       |       ||     1
  Evoke: Wand              |       |     2 |       ||     2
   Stab: Paralysed         |       |    10 |       ||    10
         Sleeping          |       |     3 |       ||     3
 Armour: Robe              |    30 |    29 |     3 ||    62
  Dodge: Dodged            |    43 |    62 |    18 ||   123

Table legend: (Time is in decaauts)
 A = Elapsed time spent in this place.
 B = Non-inter-level travel time spent in this place.
 C = Inter-level travel time spent in this place.
 D = Time resting spent in this place.
 E = Time spent auto-exploring this place.
 F = Levels seen in this place.
 G = Mean time per level.
                   A        B        C        D        E       F      G
               +--------+--------+--------+--------+--------+-----+--------+
         Total |   1858 |   1774 |     84 |      0 |   1269 |   4 |  464.5 |
       Dungeon |   1858 |   1774 |     84 |      0 |   1269 |   4 |  464.5 |
               +--------+--------+--------+--------+--------+-----+--------+

Top non-repeatable levels by time:
     D:1: 669 daAuts
     D:2: 563 daAuts
     D:3: 525 daAuts
     D:4: 100 daAuts
